 Dungeon Crawl Stone Soup version 0.28-a0-1387-g3a22ab9 (webtiles) character file.

Game seed: 14200423606280186970

641 Dorkslayer the Slasher (level 7, -1/49 HPs)
             Began as an Octopode Fighter on Jan 2, 2022.
             Slain by an ogre (25 damage)
             ... on level 5 of the Dungeon.
             The game lasted 00:10:54 (4975 turns).

Dorkslayer the Slasher (Octopode Fighter)           Turns: 4975, Time: 00:10:55

Health: -1/49      AC:  1    Str: 17    XL:     7   Next: 51%
Magic:  7/7        EV: 13    Int: 11    God:
Gold:   135        SH:  4    Dex: 11    Spells: 6/6 levels left

rFire   . . .      SeeInvis .   a - +1 long sword
rCold   . . .      Faith    .   b - +0 buckler
rNeg    . . .      Spirit   .   (helmet restricted)
rPois   .          Reflect  .   (no amulet)
rElec   .          Harm     .   (no ring)
rCorr   .          Rampage  .   (no ring)
Will    .....                   (no ring)
Stlth   +++.......              (no ring)
HPRegen 0.16/turn               (no ring)
MPRegen 0.10/turn               (no ring)
                                (no ring)
                                (no ring)

@: no status effects
A: almost no armour, amphibious, 8 rings, camouflage 1, gelatinous body 1,
(nimble swimmer 1), tentacles, sense surroundings 1
a: no special abilities


You were on level 5 of the Dungeon.
You visited 1 branch of the dungeon, and saw 5 of its levels.

You collected 135 gold pieces.

Inventory:

Hand Weapons
 a - a +1 long sword (weapon)
Missiles
 l - 2 poisoned darts (quivered)
Armour
 b - a +0 buckler (worn)
Wands
 e - a wand of digging (8)
Scrolls
 c - a scroll of fear
 d - 4 scrolls of teleportation
 f - a scroll of identify
Potions
 h - 2 potions of brilliance


   Skills:
 + Level 4.5 Fighting
 + Level 5.3 Long Blades
 + Level 3.0 Throwing
 + Level 3.8 Dodging
 + Level 3.1 Stealth
 + Level 3.4 Shields


You had 6 spell levels left.
You didn't know any spells.
Your spell library contained the following spells:

 Spells                   Type           Power      Damage    Failure   Level
 Ignite Poison            Fire/Tmut/Pois 0%         N/A       75%         3
 Mephitic Cloud           Conj/Pois/Air  0%         N/A       75%         3
 Freezing Cloud           Conj/Ice/Air   0%         6-21      100%        5


Dungeon Overview and Level Annotations

Branches:
Dungeon (5/15)
 Temple: D:4-7

Altars:


Innate Abilities, Weirdness & Mutations

You cannot wear most types of armour.
You are amphibious.
You can wear up to eight rings at the same time.
Your skin changes colour to match your surroundings (Stealth+).
Your rubbery body absorbs attacks. (AC +1, EV +1)
((You are camouflaged when in or above water. (Stealth+)))
You have tentacles for arms and can constrict up to eight enemies at once.
You passively map a small area around you.


Message History

You barely miss the adder. You grab the adder. You constrict the adder.
The hound barely misses you. The adder closely misses you. The hound bites you.
You hit the adder.
The adder is severely wounded.
You constrict the adder. The adder bites you. You block the hound's attack.
The adder barely misses you.
You hit the adder.
You kill the adder!
The hound barely misses you. The hound bites you.
You slash the hound! Your grab misses the hound.
The hound is severely wounded.
The hound bites you. The hound barely misses you.
You barely miss the hound. You grab the hound.
The hound is severely wounded.
You constrict the hound, but do no damage.
You block the hound's attack.
You barely miss the hound.
The hound is severely wounded.
You constrict the hound. The hound bites you. You block the hound's attack.
You hit the hound.
The hound is almost dead.
You constrict the hound.
You kill the hound!
Your Throwing skill increases to level 3!
You start resting.
HP restored.
You see here an adder corpse.
Found a stone staircase leading down.
There is a stone staircase leading down here.
An ogre comes into view. It is wielding a +0 giant club.
Found a dented garnet amulet.
The ogre shouts!
The ogre hits you with a +0 giant club!!
Ouch! That really hurt!
You closely miss the ogre. The ogre misses you.
You hit the ogre.
The ogre is lightly wounded.
The ogre hits you with a +0 giant club!!
Ouch! That really hurt!
You die...

#......# ...#* # , ,
#......# ..., .### ,
#......##. ..# #....
, , ###.........
##.##.... , , ,
#....#..######......#
, , #......##
###.......#
#....######>........#
#...........##......#
#....#########..@...#
#....# #...O..#
#....# #......#
#....# #......#
###### #".....#
########


You could see an ogre.

Vanquished Creatures
  Sigmund (D:3)
  A centaur (D:4)
  A phantom (D:4)
  2 hounds
  Crazy Yiuf (D:3)
  An iguana (D:4)
  Ijyb (D:3)
  An orc wizard (D:3)
  A hound skeleton (D:4)
  Robin (D:3)
  7 adders
  A white imp (D:4)
  An ufetubus (D:4)
  2 adder skeletons (D:4)
  2 worms
  5 orcs
  12 ball pythons
  A bat (D:1)
  4 endoplasms
  9 goblins
  6 hobgoblins
  6 jackals
  5 kobolds
  A quokka (D:2)
  A frilled lizard (D:1)
  3 rats
77 creatures vanquished.

Vanquished Creatures (others)
  An ufetubus (D:5)
  An orc (D:5)
  2 plants
  4 toadstools (D:1)
8 creatures vanquished.

Grand Total: 85 creatures vanquished

Notes
Turn   | Place    | Note
-------+----------+-------------------------------------------
     0 | D:1      | Dorkslayer the Octopode Fighter began the quest for the
                  | Orb.
     0 | D:1      | Reached XP level 1. HP: 16/16 MP: 1/1
   371 | D:1      | Reached XP level 2. HP: 16/21 MP: 2/2
  1084 | D:2      | Reached XP level 3. HP: 22/26 MP: 3/3
  1774 | D:2      | Reached skill level 3 in Long Blades
  1774 | D:2      | Reached XP level 4. HP: 31/31 MP: 4/4
  2144 | D:3      | Gained mutation: You passively map a small area around you.
                  | [potion of mutation]
  2309 | D:3      | Noticed Robin
  2326 | D:3      | Killed Robin
  2327 | D:3      | Reached skill level 1 in Throwing
  2327 | D:3      | Reached XP level 5. HP: 4/37 MP: 5/5
  2723 | D:3      | Found a faded altar of an unknown god.
  2759 | D:3      | Noticed Sigmund
  2768 | D:3      | Killed Sigmund
  2769 | D:3      | Reached skill level 4 in Long Blades
  2769 | D:3      | Reached skill level 1 in Stealth
  2769 | D:3      | Reached XP level 6. HP: 43/43 MP: 6/6
  3137 | D:3      | Noticed Ijyb
  3145 | D:3      | Killed Ijyb
  3256 | D:3      | Found a runed translucent door.
  3277 | D:3      | Noticed Crazy Yiuf
  3293 | D:3      | Killed Crazy Yiuf
  3901 | D:4      | Reached XP level 7. HP: 39/48 MP: 7/7
  4020 | D:4      | Reached skill level 5 in Long Blades
  4814 | D:5      | Entered Level 5 of the Dungeon
  4975 | D:5      | Slain by an ogre

Illustrated notes

Levels and vault maps discovered:
D:1:      ldierk_walled_garden_2, layout_rooms, minmay_misc_feat_room,
          st_stairs_3
D:2:      layout_basic, minmay_shallow_snake_nest
D:3:      layout_loops_corners, ebering_ecumenical_altar_abandoned,
          grunt_ministairs_12, uniq_ijyb, uniq_sigmund, uniq_crazy_yiuf_cottage,
          uniq_robin
D:4:      layout_loops_ring
D:5:      layout_rooms, fiery_altar_vehumet, uniq_grinder

Skill      XL: |  1  2  3  4  5  6  7 |
---------------+----------------------+-----
Long Blades    | 3 4 5 |  5.3
Throwing       | 1 2 3 |  3.0
Fighting       | 4 |  4.5
Stealth        | 1 2 3 |  3.1
Dodging        | |  3.8
Shields        | |  3.4

Action                   |  1- 3 |  4- 6 |  7- 9 || total
-------------------------+-------+-------+-------++-------
Melee: Long sword        |    49 |    72 |    48 ||   169
       Constrict         |    14 |    12 |     9 ||    35
       Tentacles         |     7 |     3 |     5 ||    15
Throw: Dart              |    23 |    18 |     8 ||    49
  Use: Scroll            |     5 |     3 |     2 ||    10
       Potion            |       |     6 |       ||     6
 Stab: Sleeping          |     2 |     3 |     2 ||     7
Armor: Skin              |     2 |     7 |     3 ||    12
Dodge: Dodged            |    29 |    35 |    23 ||    87
Block: Buckler           |     9 |    10 |    10 ||    29

Table legend: (Time is in decaauts)
 A = Elapsed time spent in this place.
 B = Non-inter-level travel time spent in this place.
 C = Inter-level travel time spent in this place.
 D = Time resting spent in this place.
 E = Time spent auto-exploring this place.
 F = Levels seen in this place.
 G = Mean time per level.
                   A        B        C        D        E       F      G
               +--------+--------+--------+--------+--------+-----+--------+
         Total |   4994 |   4994 |      0 |   1575 |   1552 |   5 |  998.8 |
       Dungeon |   4994 |   4994 |      0 |   1575 |   1552 |   5 |  998.8 |
               +--------+--------+--------+--------+--------+-----+--------+

Top non-repeatable levels by time:
     D:3: 1487 daAuts
     D:2: 1343 daAuts
     D:4: 1278 daAuts
     D:1: 724 daAuts
     D:5: 161 daAuts
